 Dungeon Crawl Stone Soup version 0.21.0-30-g47ce8e4 (webtiles) character file.

100 troglodite the Charmwright (level 4, -1/37 HPs)
             Began as a Draconian Skald on Jan 28, 2018.
             Slain by a gnoll
             ... wielding a +0 flail
              (6 damage)
             ... on level 2 of the Dungeon.
             The game lasted 00:08:41 (2627 turns).

troglodite the Charmwright (Draconian Skald)        Turns: 2627, Time: 00:08:42

Health: -1/37      AC:  7    Str: 13    XL:     4   Next: 47%
Magic:  2/7        EV: 13    Int: 14    God:
Gold:   78         SH:  0    Dex: 11    Spells: 3/7 levels left

rFire    x . .     SeeInvis .   a - +0 falchion
rCold    + . .     Gourm    .   (no shield)
rNeg     . . .     Faith    .   (armour unavailable)
rPois    .         Spirit   .   (helmet restricted)
rElec    .         Reflect  .   (no cloak)
rCorr    .         Harm     .   l - +1 pair of gloves
MR       .....                  (no boots)
Stlth    +.........             (no amulet)
HPRegen  0.12/turn              k - ring of ice
MPRegen  0.10/turn              (no ring)

@: very slightly contaminated
A: unfitting armour, cold-blooded, AC +5
a: no special abilities


You were on level 2 of the Dungeon.
You were near starving.

You visited 1 branch of the dungeon, and saw 3 of its levels.

You collected 78 gold pieces.

Inventory:

Hand Weapons
 a - a +0 falchion (weapon)
Armour
 f - a +0 buckler
 l - a +1 pair of gloves (worn)
Jewellery
 k - a ring of ice (left hand)
Scrolls
 e - a scroll of fear {unknown}
 g - a scroll of enchant weapon {unknown}
 j - a scroll of identify {unknown}
Potions
 h - a potion of flight {unknown}
 i - a potion of heal wounds {unknown}
 m - a potion of curing {unknown}
Books
 b - a book of Battle

   Spells                             Type                      Level
   a - Infusion                       Charms                       1
   b - Shroud of Golubria             Charms/Translocation         2
   c - Song of Slaying                Charms                       2
   d - Spectral Weapon                Hexes/Charms                 3
   e - Regeneration                   Charms/Necromancy            3
Comestibles
 c - 8 rations


   Skills:
 * Level 2.7 Fighting
 + Level 2.6 Long Blades
 * Level 2.8 Dodging
 + Level 0.1 Stealth
 * Level 0.4 Shields
 * Level 2.4 Spellcasting
 * Level 3.3 Charms


You had 3 spell levels left.
You knew the following spells:

 Your Spells              Type           Power        Failure   Level  Hunger
a - Infusion              Chrm           ##..         6%          1    #......
b - Spectral Weapon       Hex/Chrm       #.......     34%         3    ###....


Dungeon Overview and Level Annotations

Branches:
Dungeon (3/15)

Altars:
The Shining One

Annotations:
D:2 1 runed door


Innate Abilities, Weirdness & Mutations

Your plain brown scales are hard. (AC +5)
You cannot fit into any form of body armour.
You are cold-blooded and may be slowed by cold attacks.


Message History

The gnoll closely misses you.
You riposte.
You barely miss the gnoll.
The gnoll is heavily wounded.
Unknown command.
You barely miss the gnoll.
Your tail-slap misses the gnoll.
The gnoll is heavily wounded.
The gnoll barely misses you.
Unknown command.
You barely miss the gnoll.
You tail-slap the gnoll, but do no damage.
The gnoll is heavily wounded.
The gnoll barely misses you.
Unknown command.
You hit the gnoll but do no damage.
The gnoll is heavily wounded.
The gnoll misses you.
Unknown command.
You closely miss the gnoll.
Your tail-slap misses the gnoll.
The gnoll is heavily wounded.
The gnoll hits you with a flail.
You die...

#.##.# #..........#.##..#.....#
#<##.###..........#.##.........
#.##.#............#.#..####...# #
#....#.##.........#....# #..###
######..............#....###...#
...###..............##.#..##...#
...............................##
..##...........g.......##..#.....
................@.).#####...>(.##
...##...............# #......#
............####...######.#....#
...###..............##....#....#
...##...####''####..#..####..###
.###<..##........##....# ##..#
.###..##..........##...######.###
..#..##............##...#........
....##..............##..#........


You could see a gnoll.

Vanquished Creatures
  4 adders
  2 oozes
  4 leopard geckos
  2 orcs (D:3)
  5 bats
  2 giant cockroaches (D:3)
  7 goblins
  6 hobgoblins
  6 kobolds
  2 quokkas
  A ball python (D:2)
  5 frilled lizards
  6 rats
  A fungus (D:2)
53 creatures vanquished.

Notes
Turn   | Place    | Note
-------+----------+-------------------------------------------
     0 | D:1      | troglodite the Draconian Skald began the quest for the Orb.
     0 | D:1      | Reached XP level 1. HP: 17/17 MP: 3/3
    85 | D:1      | Reached XP level 2. HP: 21/24 MP: 5/5
   108 | D:1      | Found a glowing golden altar of the Shining One.
   134 | D:1      | Reached skill level 3 in Charms
  1054 | D:2      | Reached XP level 3. HP: 28/30 MP: 6/6
  1059 | D:2      | Learned a level 3 spell: Spectral Weapon
  1253 | D:2      | Reached XP level 4. HP: 34/37 MP: 7/7
  1432 | D:2      | Found a runed door.
  2627 | D:2      | Slain by a gnoll

Skill      XL: |  1  2 |
---------------+-------+-----
Charms         | 3 |  3.3
Fighting       | |  2.7
Long Blades    | |  2.6
Dodging        | |  2.8
Stealth        | |  0.1
Shields        | |  0.4
Spellcasting   | |  2.4

Action                   |  1- 3 |  4- 6 || total
-------------------------+-------+-------++-------
Melee: Falchion          |    92 |    76 ||   168
       Tailslap          |    12 |    10 ||    22
 Cast: Spectral Weapon   |       |     2 ||     2
 Stab: Sleeping          |     1 |       ||     1
  Eat: Chunk             |     1 |     3 ||     4
Armor: Skin              |    37 |    38 ||    75
Dodge: Dodged            |    74 |    60 ||   134
       Rpst.: Falchion   |    28 |    14 ||    42
